 Dungeon Crawl Stone Soup version 0.29-a0-477-g62b78b4225 (webtiles) character file.

Game seed: 14648464251725326774

100 frimble the Grasshopper (level 4, -3/38 HPs)
             Began as a Gnoll Warper on May 25, 2022.
             Slain by an orc
             ... wielding a +0 hand axe
              (6 damage)
             ... on level 3 of the Dungeon.
             The game lasted 00:02:18 (2006 turns).

frimble the Grasshopper (Gnoll Warper)              Turns: 2006, Time: 00:02:18

Health: -3/38      AC:  3    Str: 10    XL:     4   Next: 73%
Magic:  11/11      EV: 13    Int: 15    God:
Gold:   29         SH:  0    Dex: 13    Spells: 11/13 levels left

rFire   + . .      SeeInvis .   h - +7 quarterstaff of Beogh, Piercing {freeze, Drain rPois rF+ Dex+2}
rCold   . . .      Faith    .   (shield currently unavailable)
rNeg    + . .      Spirit   .   o - +1 robe of Exclusion {rN+}
rPois   +          Reflect  .   (no helmet)
rElec   .          Harm     .   (no cloak)
rCorr   +          Rampage  .   (no gloves)
Will    .....                   (no boots)
Stlth   ++........              i - amulet of regeneration
HPRegen 0.92/turn               g - ring of resist corrosion
MPRegen 0.12/turn               (no ring)

@: no status effects
A: fangs 1, strong nose, distributed training
a: no special abilities


You were on level 3 of the Dungeon.
You visited 1 branch of the dungeon, and saw 3 of its levels.

You collected 166 gold pieces.
You spent 137 gold pieces at shops.

Inventory:

Hand Weapons
 a - a +0 mace
 h - the +7 quarterstaff of Beogh, Piercing (weapon) {freeze, Drain rPois rF+ Dex+2}
   (You found it on level 2 of the Dungeon)

   It freezes those it strikes, dealing additional cold damage.
   It can also slow down cold-blooded creatures.
   Dex:       It affects your dexterity (+2).
   rF:        It protects you from fire.
   rPois:     It protects you from poison.
   Drain:     It drains your maximum health when unequipped.
Missiles
 d - 7 boomerangs of dispersal (quivered)
Armour
 o - the +1 robe of Exclusion (worn) {rN+}
   (You bought it in a shop on level 3 of the Dungeon)

   rN:        It protects you from negative energy.
Jewellery
 g - a ring of resist corrosion (left hand)
 i - an amulet of regeneration (around neck)
Scrolls
 c - 3 scrolls of blinking
 e - a scroll of fear
 m - a scroll of identify
Potions
 f - 2 potions of lignification
 j - 2 potions of haste
 l - 2 potions of cancellation {unknown}
 n - a potion of flight {unknown}
 p - a potion of invisibility {unknown}


   Skills:
 + Level 4.7 Fighting
 + Level 1.2 Short Blades
 + Level 1.2 Long Blades
 + Level 1.2 Axes
 + Level 4.7 Maces & Flails
 + Level 1.2 Polearms
 + Level 1.2 Staves
 + Level 1.2 Slings
 + Level 1.2 Bows
 + Level 1.2 Crossbows
 + Level 2.8 Throwing
 + Level 2.8 Armour
 + Level 4.7 Dodging
 + Level 1.2 Stealth
 + Level 1.2 Shields
 + Level 1.2 Unarmed Combat
 + Level 5.1 Spellcasting
 + Level 1.0 Conjurations
 + Level 1.0 Hexes
 + Level 1.0 Summonings
 + Level 1.0 Necromancy
 + Level 5.5 Translocations
 + Level 1.0 Transmutations
 + Level 1.0 Fire Magic
 + Level 1.0 Ice Magic
 + Level 1.0 Air Magic
 + Level 1.0 Earth Magic
 + Level 1.0 Poison Magic
 + Level 1.3 Invocations
 + Level 1.2 Evocations


You had 11 spell levels left.
You knew the following spells:

 Your Spells              Type           Power      Damage    Failure   Level
a - Blink                 Tloc           40%        N/A       2%          2

Your spell library contained the following spells:

 Spells                   Type           Power      Damage    Failure   Level
 Gell's Gravitas          Tloc           20%        N/A       4%          3
 Lesser Beckoning         Tloc           20%        N/A       4%          3
 Teleport Other           Tloc           20%        N/A       4%          3
 Manifold Assault         Tloc           20%        N/A       43%         5


Dungeon Overview and Level Annotations

Branches:
Dungeon (3/15)

Altars:
Nemelex Xobeh

Shops:
D:3 *

Annotations:
D:3 Ijyb, Natasha


Innate Abilities, Weirdness & Mutations

You have very sharp teeth.
Your uncanny sense of smell can sniff out nearby items.
Your experience applies equally to all skills.


Message History

The orc closely misses you.
You barely miss Natasha. You bite Natasha, but do no damage.
Natasha is heavily wounded.
Natasha claws you. The crimson imp closely misses you.
The orc closely misses you.
You hit Natasha. You freeze Natasha.
Natasha is almost dead.
Natasha casts a spell at you. The magic dart hits you!
The crimson imp closely misses you. The orc hits you with a +0 hand axe.
You barely miss Natasha.
Natasha is almost dead.
Natasha casts a spell.
The orc hits you with a +0 hand axe. The crimson imp spits at you.
The crimson imp hits you. Natasha claws you!
You completely miss Natasha.
Natasha is almost dead.
The orc barely misses you.
The crimson imp hits you but does no damage.
Natasha closely misses you.
You barely miss Natasha. Your bite misses Natasha.
Natasha is almost dead.
The orc hits you with a +0 hand axe. The crimson imp hits you.
Natasha claws you. The orc barely misses you.
The crimson imp closely misses you.
You barely miss Natasha.
Natasha is almost dead.
Natasha stares at you and mumbles some strange words.
The magic dart hits you!
* * * LOW HITPOINT WARNING * * *
The crimson imp blinks!
The crimson imp closely misses you. The orc hits you with a +0 hand axe.
* * * LOW HITPOINT WARNING * * *
You barely miss Natasha. Your bite misses Natasha.
Natasha is almost dead.
Natasha claws you.
* * * LOW HITPOINT WARNING * * *
The crimson imp barely misses you. The orc hits you with a +0 hand axe.
You die...

#. ∆ #... ######... ###
#........ #. ... +........ .
#.# #........ ####. ####### #.#
#......##
.....##.....#####'#####.....)#.
#.....$.....§h@.......'........
......#.5...#o.5....###......#.
....8.......#.......# ######.#.
............#.......# ###.#.
..>:........#.......# #.....
.......######.......# #.....
g...... #.......# #.....
....... #........ ###+#.
....8.. #........ ..


You could see Natasha, 2 crimson imps and an orc.

Vanquished Creatures
  4 gnolls (D:3)
  An adder (D:3)
  A dart slug (D:1)
  An endoplasm (D:1)
  A giant cockroach (D:2)
  5 goblins
  2 hobgoblins (D:2)
  9 jackals (D:2)
  2 quokkas
  5 ball pythons
  5 bats
  4 frilled lizards
  4 kobolds
  6 rats
50 creatures vanquished.

Notes
Turn   | Place    | Note
-------+----------+-------------------------------------------
     0 | D:1      | frimble the Gnoll Warper began the quest for the Orb.
     0 | D:1      | Reached XP level 1. HP: 20/20 MP: 6/6
   327 | D:1      | Found a faded altar of an unknown god.
   356 | D:1      | Reached XP level 2. HP: 26/26 MP: 7/7
   383 | D:1      | Learned a level 2 spell: Blink
   803 | D:2      | Reached XP level 3. HP: 31/31 MP: 9/9
   835 | D:2      | Reached skill level 5 in Spellcasting
  1083 | D:2      | Reached skill level 1 in Invocations
  1137 | D:2      | Found a sparkling altar of Nemelex Xobeh.
  1600 | D:2      | Identified the +7 quarterstaff of Beogh, Piercing {freeze,
                  | Drain rPois rF+ Dex+2}
  1741 | D:3      | Reached skill level 1 in Short Blades
  1741 | D:3      | Reached skill level 1 in Long Blades
  1741 | D:3      | Reached skill level 1 in Axes
  1741 | D:3      | Reached skill level 1 in Polearms
  1741 | D:3      | Reached skill level 1 in Staves
  1741 | D:3      | Reached skill level 1 in Slings
  1741 | D:3      | Reached skill level 1 in Bows
  1741 | D:3      | Reached skill level 1 in Crossbows
  1741 | D:3      | Reached skill level 1 in Stealth
  1741 | D:3      | Reached skill level 1 in Shields
  1741 | D:3      | Reached skill level 1 in Unarmed Combat
  1741 | D:3      | Reached skill level 1 in Evocations
  1744 | D:3      | Reached XP level 4. HP: 33/38 MP: 11/11
  1814 | D:3      | Found Ufougam's Assorted Antiques.
  1823 | D:3      | Bought a crude robe for 119 gold pieces
  1823 | D:3      | Identified the +1 robe of Exclusion {rN+} (You bought it in
                  | a shop on level 3 of the Dungeon)
  1823 | D:3      | Bought an orange potion for 18 gold pieces
  1881 | D:3      | Reached skill level 1 in Conjurations
  1881 | D:3      | Reached skill level 1 in Hexes
  1881 | D:3      | Reached skill level 1 in Summonings
  1881 | D:3      | Reached skill level 1 in Necromancy
  1881 | D:3      | Reached skill level 1 in Transmutations
  1881 | D:3      | Reached skill level 1 in Fire Magic
  1881 | D:3      | Reached skill level 1 in Ice Magic
  1881 | D:3      | Reached skill level 1 in Air Magic
  1881 | D:3      | Reached skill level 1 in Earth Magic
  1881 | D:3      | Reached skill level 1 in Poison Magic
  1987 | D:3      | Noticed Natasha
  1987 | D:3      | Noticed Ijyb
  2006 | D:3      | Slain by an orc

Illustrated notes

Levels and vault maps discovered:
D:1:      wander_arrival_chamber, layout_loops_ring,
          ebering_ecumenical_altar_sacrificial, minmay_splitting_lines
D:2:      wad_pebble_path, layout_loops_corners, basic_altar, st_stairs_6,
          nicolae_figureground_sparkle
D:3:      layout_basic, serial_shops, shop, nicolae_diamond_shop, st_stairs_1,
          uniq_sigmund, uniq_natasha, uniq_ijyb, uniq_jessica

Skill      XL: |  1  2  3  4 |
---------------+-------------+-----
Spellcasting   | 5 |  5.1
Invocations    | 1 |  1.3
Short Blades   | 1 |  1.2
Long Blades    | 1 |  1.2
Axes           | 1 |  1.2
Polearms       | 1 |  1.2
Staves         | 1 |  1.2
Slings         | 1 |  1.2
Bows           | 1 |  1.2
Crossbows      | 1 |  1.2
Stealth        | 1 |  1.2
Shields        | 1 |  1.2
Unarmed Combat | 1 |  1.2
Evocations     | 1 |  1.2
Conjurations   | 1 |  1.0
Hexes          | 1 |  1.0
Summonings     | 1 |  1.0
Necromancy     | 1 |  1.0
Transmutations | 1 |  1.0
Fire Magic     | 1 |  1.0
Ice Magic      | 1 |  1.0
Air Magic      | 1 |  1.0
Earth Magic    | 1 |  1.0
Poison Magic   | 1 |  1.0
Fighting       | |  4.7
Maces & Flails | |  4.7
Throwing       | |  2.8
Armour         | |  2.8
Dodging        | |  4.7
Translocations | |  5.5

Action                   |  1- 3 |  4- 6 || total
-------------------------+-------+-------++-------
Melee: Mace              |   120 |       ||   120
       Bite              |     8 |     2 ||    10
       Punch             |     2 |       ||     2
       Quarterstaff      |     3 |    27 ||    30
  Use: Scroll            |     8 |     1 ||     9
 Stab: Sleeping          |     1 |       ||     1
Armor: Leather armour    |    43 |       ||    43
       Robe              |       |     8 ||     8
Dodge: Dodged            |   101 |    21 ||   122

Table legend: (Time is in decaauts)
 A = Elapsed time spent in this place.
 B = Non-inter-level travel time spent in this place.
 C = Inter-level travel time spent in this place.
 D = Time resting spent in this place.
 E = Time spent auto-exploring this place.
 F = Levels seen in this place.
 G = Mean time per level.
                   A        B        C        D        E       F      G
               +--------+--------+--------+--------+--------+-----+--------+
         Total |   2032 |   1972 |     60 |      0 |   1550 |   3 |  677.3 |
       Dungeon |   2032 |   1972 |     60 |      0 |   1550 |   3 |  677.3 |
               +--------+--------+--------+--------+--------+-----+--------+

Top non-repeatable levels by time:
     D:2: 898 daAuts
     D:1: 764 daAuts
     D:3: 370 daAuts
